 Dungeon Crawl Stone Soup version 0.31.0-9-g3a7656b989 (webtiles) character file.

Game seed: 8087983650359300930

718 Peloso the Slasher (level 7, 0/61 HPs)
             Began as a Minotaur Fighter on Jan 25, 2024.
             Was a Follower of Okawaru.
             Killed from afar by a steam dragon (11 damage)
             ... with a ball of steam
             ... on level 7 of the Dungeon.
             The game lasted 00:11:45 (3475 turns).

Peloso the Slasher (Minotaur Fighter)               Turns: 3475, Time: 00:11:47

Health: 0/61       AC: 11    Str: 20    XL:     7   Next: 42%
Magic:  6/6        EV:  8    Int:  5    God:    Okawaru [*.....]
Gold:   170        SH:  5    Dex: 12    Spells: 6/6 levels left

rFire   . . .        a - +0 long sword
rCold   . . .        d - +0 buckler
rNeg    . . .        k - +0 chain mail
rPois   +            (helmet restricted)
rElec   .            (no cloak)
rCorr   .            (no gloves)
SInv    .            c - +0 pair of boots
Will    .....        (no amulet) Stlth
                     f - ring of poison resistance
HPRegen 0.30/turn    (no ring)
MPRegen 0.10/turn

%: no passive effects
@: mighty
A: horns 2, retaliatory headbutt
a: Renounce Religion, Heroism


You were on level 7 of the Dungeon.
You worshipped Okawaru.
Okawaru was aware of your devotion.
You visited 2 branches of the dungeon, and saw 6 of its levels.

You collected 170 gold pieces.

Inventory:

Hand Weapons
 a - a +0 long sword (weapon)
Armour
 b - a +0 scale mail
 c - a +0 pair of boots (worn)
 d - a +0 buckler (worn)
 k - a +0 chain mail (worn)
Jewellery
 f - a ring of poison resistance (left hand)
 g - an amulet of faith
 w - a ring of protection from cold
Wands
 q - a wand of polymorph (11)
Scrolls
 h - a scroll of immolation
 i - a scroll of silence {unknown}
 j - 2 scrolls of identify
 l - a scroll of enchant weapon {unknown}
 o - a scroll of torment {unknown}
 p - a scroll of teleportation {unknown}
 u - 2 scrolls of noise {unknown}
Potions
 m - a potion of berserk rage
 n - a potion of ambrosia
 r - a potion of heal wounds {unknown}
 s - 2 potions of curing {unknown}
 t - a potion of mutation {unknown}
 v - a potion of attraction {unknown}


   Skills:
 + Level 5.2 Fighting
 + Level 6.7 Long Blades
 + Level 5.8 Armour
 + Level 1.3 Dodging
 + Level 0.1 Stealth
 + Level 5.5 Shields


You had 6 spell levels left.
You didn't know any spells.
Your spell library contained the following spells:

 Spells                   Type           Power      Damage    Failure   Level
 Eringya's Noxious Bog    Alch           0%         4d6       100%        6
 Summon Forest            Summ/Tloc      Unusable   N/A       N/A         5
 Summon Hydra             Summ           Unusable   N/A       N/A         7

Dungeon Overview and Level Annotations

Branches:
Dungeon (4/15)             Temple (1/1) D:4

Altars:
Ashenzari
Cheibriados
Dithmenos
Elyvilon
Fedhas
Gozag
Kikubaaqudgha
Makhleb
Nemelex Xobeh
Okawaru
Ru
Sif Muna
Uskayaw
Wu Jian
The Shining One

Annotations:
D:3 1 runed translucent door, Crazy Yiuf


Innate Abilities, Weirdness & Mutations

You have a pair of horns on your head.
You reflexively headbutt those who attack you in melee.


Message History

Okawaru accepts your kill.
You can now gain great but temporary skills.
You closely miss the orc warrior. Your headbutt misses the orc warrior.
The orc warrior hits you with a +0 mace!
You hit the orc warrior but do no damage.
You headbutt the orc warrior!
The orc warrior is heavily wounded.
The orc warrior hits you with a +0 mace.
You slash the orc warrior! Your headbutt misses the orc warrior.
The orc warrior is severely wounded.
The orc warrior hits you with a +0 mace.
You closely miss the orc warrior.
The orc warrior is severely wounded.
The orc warrior closely misses you.
You barely miss the orc warrior.
The orc warrior is severely wounded.
The orc warrior hits you with a +0 mace!
You hit the orc warrior.
The orc warrior is almost dead.
The orc warrior closely misses you.
You barely miss the orc warrior.
The orc warrior is almost dead.
You hear the faint creaking of a very distant portcullis.
The orc warrior hits you with a +0 mace!
* * * LOW HITPOINT WARNING * * *
You barely miss the orc warrior. Your headbutt misses the orc warrior.
The orc warrior is almost dead.
The orc warrior hits you with a +0 mace.
* * * LOW HITPOINT WARNING * * *
You hit the orc warrior.
You kill the orc warrior!
Okawaru accepts your kill.
You slash the orc wizard! You headbutt the orc wizard.
You kill the orc wizard!
Okawaru accepts your kill. The steam dragon breathes steam at you.
The ball of steam hits the orc!!
The orc dies!
The ball of steam hits you!
You die...

#.#.§§§.≈≈.### #
#.#.§≈§≈≈≈... .#
#.#.§≈§≈≈≈§###..#
#.#.............
############...o.......##..##
#................Do..........
#.###......)..###########..#.
#.##.#.......D####
#...........o.§@.#
#..#.#.......###.#
##..#.........# .#
..............# .#
##...###.....## .# #...#
#.#.### .# .....# #.#.### .#
##.#.# #.....# .# #.#.#
##...#.#


You could see a steam dragon (catching breath) and an orc.

Vanquished Creatures
  Sigmund (D:3)
  An orc warrior (D:7)
  A bullfrog (D:7)
  2 scorpions (D:4)
  Jessica (D:3)
  2 iguanas
  An orc wizard (D:7)
  10 adders
  4 gnolls
  4 ribbon worms
  7 orcs
  4 ball pythons
  8 bats
  7 endoplasms
  3 giant cockroaches
  4 goblins
  5 hobgoblins
  4 quokkas (D:2)
  2 frilled lizards
  7 kobolds
  7 rats
85 creatures vanquished.

Vanquished Creatures (others)
  An orc (D:7)
1 creature vanquished.

Grand Total: 86 creatures vanquished

Notes
Turn   | Place    | Note
-------+----------+-------------------------------------------
     0 | D:1      | Peloso the Minotaur Fighter began the quest for the Orb.
     0 | D:1      | Reached XP level 1. HP: 19/19 MP: 0/0
   190 | D:1      | Reached XP level 2. HP: 25/27 MP: 1/1
   653 | D:2      | Reached XP level 3. HP: 31/33 MP: 2/2
   696 | D:2      | Reached skill level 3 in Long Blades
   903 | D:2      | Reached XP level 4. HP: 35/40 MP: 3/3
  2040 | D:3      | Noticed Jessica
  2102 | D:3      | Killed Jessica
  2103 | D:3      | Reached skill level 4 in Long Blades
  2103 | D:3      | Reached XP level 5. HP: 44/47 MP: 4/4
  2407 | D:3      | Found a runed translucent door.
  2408 | D:3      | Noticed Crazy Yiuf
  2463 | D:3      | Found an ornate altar of the Wu Jian Council.
  2512 | D:3      | Noticed Sigmund
  2538 | D:3      | Killed Sigmund
  2539 | D:3      | Reached skill level 5 in Long Blades
  2539 | D:3      | Reached skill level 5 in Armour
  2539 | D:3      | Reached skill level 1 in Dodging
  2539 | D:3      | Reached XP level 6. HP: 36/53 MP: 5/5
  2857 | D:4      | Found a staircase to the Ecumenical Temple.
  2868 | Temple   | Entered the Ecumenical Temple
  2877 | Temple   | Reached skill level 5 in Shields
  3041 | Temple   | Became a worshipper of Warmaster Okawaru
  3178 | D:4      | Reached skill level 5 in Fighting
  3250 | D:4      | Reached skill level 6 in Long Blades
  3319 | D:4      | Reached XP level 7. HP: 49/61 MP: 6/6
  3372 | D:4      | You fall into a shaft and drop 3 floors!
  3444 | D:7      | Found an ancient bone altar of Kikubaaqudgha.
  3450 | D:7      | Noticed a steam dragon
  3465 | D:7      | Reached * piety under Okawaru
  3475 | D:7      | Killed from afar by a steam dragon

Illustrated notes

Levels and vault maps discovered:
D:1:      minmay_arrival_three_doors, layout_basic, hex_medium
D:2:      layout_basic, serial_corexii_hall, chequers_hall_statues_y,
          chequers_hall_statues_corner_a, minmay_tromino_v4_c
D:3:      layout_loops_ring, nzn_wu_jian_contemplation,
          minmay_misc_feat_pillars, chequers_avenue, uniq_sigmund, uniq_jessica,
          uniq_crazy_yiuf_cottage
D:4:      layout_cave_pods, mainiacjoe_overflow_small_starburst,
          minmay_temple_entry_glass, minivault_25, corexii_checkpoint
D:7:      layout_loops_ring, nicolae_overflow_two_pavilions,
          general_overflow_altar, enter_bailey_2
Temple:   oiseaux_autumnal_temple

Skill      XL: |  1  2  3  4  5  6 |
---------------+-------------------+-----
Fighting       | 4 5 |  5.2
Armour         | 4 5 |  5.8
Shields        | 4 5 |  5.5
Long Blades    | 3 4 5 6 |  6.7
Dodging        | 1 |  1.3
Stealth        | |  0.1

Action                     |  1- 3 |  4- 6 |  7- 9 || total
---------------------------+-------+-------+-------++-------
  Melee: Long sword        |    81 |   155 |    14 ||   250
         Headbutt          |     6 |    36 |     3 ||    45
    Use: Scroll            |     1 |     2 |       ||     3
         Potion            |     1 |       |     1 ||     2
 Armour: Scale mail        |    55 |       |       ||    55
         Chain mail        |     9 |   115 |    13 ||   137
  Dodge: Dodged            |    33 |    59 |     5 ||    97
  Block: Buckler           |    16 |    46 |     1 ||    63
